 Dungeon Crawl Stone Soup version 0.28-a0-10-g964c8b829e (webtiles) character file.

Game seed: 4107879037919321564

110 sanka the Sneak (level 4, -6/29 HPs)
             Began as an Octopode Brigand on July 25, 2021.
             Was an Initiate of Yredelemnul.
             Mangled by a gnoll (7 damage)
             ... on level 3 of the Dungeon.
             The game lasted 00:03:39 (3003 turns).

sanka the Sneak (Octopode Brigand)                  Turns: 3003, Time: 00:03:40

Health: -6/29      AC:  1    Str: 10    XL:     4   Next: 91%
Magic:  4/4        EV: 14    Int: 13    God:    Yredelemnul [......]
Gold:   121        SH:  0    Dex: 14    Spells: 3/3 levels left

rFire   . . .      SeeInvis .   i - +0 trident
rCold   . . .      Faith    .   (no shield)
rNeg    . . .      Spirit   .   (helmet restricted)
rPois   .          Reflect  .   (no amulet)
rElec   .          Harm     .   (no ring)
rCorr   .          Rampage  .   (no ring)
Will    .....                   (no ring)
Stlth   ++++......              (no ring)
HPRegen 0.09/turn               (no ring)
MPRegen 0.09/turn               (no ring)
                                (no ring)
                                (no ring)

@: no status effects
A: almost no armour, amphibious, 8 rings, camouflage 1, gelatinous body 1,
(nimble swimmer 1), tentacles
a: Renounce Religion


You were on level 3 of the Dungeon.
You worshipped Yredelemnul.
Yredelemnul was noncommittal.
You visited 1 branch of the dungeon, and saw 3 of its levels.

You collected 121 gold pieces.


Innate Abilities, Weirdness & Mutations

You cannot wear most types of armour.
You are amphibious.
You can wear up to eight rings at the same time.
Your skin changes colour to match your surroundings (Stealth+).
Your rubbery body absorbs attacks. (AC +1, EV +1)
((You are camouflaged near water. (Stealth+)))
You have tentacles for arms and can constrict up to eight enemies at once.


   Skills:
 - Level 2.0 Fighting
 - Level 2.0 Short Blades
 - Level 2.0 Throwing
 + Level 4.5 Dodging
 - Level 5.3 Stealth


You had 3 spell levels left.
You didn't know any spells.
Your spell library was empty.

Inventory:

Hand Weapons
 a - a +2 dagger
 i - a +0 trident (weapon)
Missiles
 b - 8 poisoned darts (quivered)
 c - 2 curare-tipped darts {=f}
Armour
 f - a +0 buckler
Scrolls
 e - a scroll of identify {unknown}
 h - a scroll of enchant armour {unknown}
Potions
 d - a potion of haste {unknown}
 g - a potion of flight {unknown}
 j - a potion of mutation {unknown}
 k - a potion of heal wounds {unknown}
 l - a potion of might {unknown}

Dungeon Overview and Level Annotations

Branches:
Dungeon (3/15)

Altars:
Cheibriados
Elyvilon
Hepliaklqana
Kikubaaqudgha
Nemelex Xobeh
Okawaru
Ru
Wu Jian
Yredelemnul

.+...............▒ ▒..
.▒▒▒▒▒▒▒▒.....)..▒ ▒▒▒(.
.▒...........)...▒ ▒....
.▒.▒▒▒▒▒▒........▒ ▒▒▒▒▒▒▒▒▒▒.▒..
.▒.▒ ▒........▒ ▒........▒.▒..
.▒.▒ ▒▒▒▒▒▒▒..▒ ▒........▒.▒..
.▒.▒▒▒ ▒..▒▒▒........▒..†.
.....▒▒▒▒▒▒▒▒▒▒..▒▒..............
..............).x)gg.......>.....
▒..▒.▒▒▒8..8▒▒...▒▒.....†...▒▒.▒▒
▒▒.▒.▒▒8...._▒▒.....▒▒▒▒▒▒▒.▒▒.▒▒
▒▒.▒.▒▒▒▒..▒▒▒▒▒▒▒▒▒▒ ▒.▒▒...
......▒....._▒ ▒.▒▒▒▒▒
▒▒.▒.▒▒▒▒..▒▒▒ ▒.▒ ▒
▒.▒.▒▒_.....▒ ▒.▒ ▒ ▒.▒.▒▒▒▒..▒▒▒
▒.▒ ▒ ▒▒.▒.▒▒_...._▒ ▒


You could see 2 gnolls.


Message History

The gnoll hits you from afar with a +0 spear.
The gnoll misses you.
You hit the gnoll.
You kill the gnoll!
Yredelemnul accepts your kill. The gnoll barely misses you.
The gnoll misses you.
You barely miss the gnoll. You grab the gnoll. You constrict the gnoll.
The gnoll hits you with a +0 whip.
* * * LOW HITPOINT WARNING * * *
The gnoll misses you. The gnoll barely misses you.
The gnoll hits you with a +0 whip.
* * * LOW HITPOINT WARNING * * *
You release your grip on the gnoll.
You hit the gnoll. You grab the gnoll.
The gnoll is heavily wounded.
You constrict the gnoll. The gnoll hits you with a +0 whip.
* * * LOW HITPOINT WARNING * * *
The gnoll completely misses you.
You hit the gnoll.
You kill the gnoll!
Yredelemnul accepts your kill.
The gnoll hits you from afar with a +0 vorpal spear!
You die...
Your body rises from the dead as a mindless zombie.

Action                   |  1- 3 |  4- 6 || total
-------------------------+-------+-------++-------
Melee: Dagger            |    45 |       ||    45
       Constrict         |    18 |    11 ||    29
       Tentacles         |    12 |     4 ||    16
       Trident           |    27 |    45 ||    72
 Stab: Sleeping          |    15 |     6 ||    21
       Distracted        |       |     1 ||     1
Armor: Skin              |    10 |     3 ||    13
Dodge: Dodged            |    30 |    30 ||    60
Block: Buckler           |     5 |       ||     5

Levels and vault maps discovered:
D:1:      dpeg_arrival_circle_labyrinth_c, layout_basic, hex_tiny,
          chequers_big_river
D:2:      layout_basic, chequers_ecumenical_altar_lobes, basic_altar,
          grunt_decor_fettered
D:3:      layout_basic, minitemple

Notes
Turn   | Place    | Note
-------+----------+-------------------------------------------
     0 | D:1      | sanka the Octopode Brigand began the quest for the Orb.
     0 | D:1      | Reached XP level 1. HP: 14/14 MP: 1/1
   340 | D:1      | Reached skill level 2 in Dodging
   340 | D:1      | Reached XP level 2. HP: 19/19 MP: 2/2
   882 | D:1      | Reached XP level 3. HP: 24/24 MP: 3/3
   894 | D:1      | Reached skill level 3 in Dodging
  1538 | D:2      | Found a basalt altar of Yredelemnul.
  1878 | D:2      | Became a worshipper of Yredelemnul the Dark
  1904 | D:2      | Found a faded altar of an unknown god.
  2112 | D:2      | Reached XP level 4. HP: 29/29 MP: 4/4
  2464 | D:3      | Reached skill level 4 in Dodging
  2708 | D:3      | Found a white marble altar of Elyvilon.
  2709 | D:3      | Found an ancient bone altar of Kikubaaqudgha.
  2715 | D:3      | Found an iron altar of Okawaru.
  2715 | D:3      | Found a sacrificial altar of Ru.
  2716 | D:3      | Found an ornate altar of the Wu Jian Council.
  2717 | D:3      | Found a snail-covered altar of Cheibriados.
  2718 | D:3      | Found a sparkling altar of Nemelex Xobeh.
  2719 | D:3      | Found a hazy altar of Hepliaklqana.
  3002 | D:3      | HP: 1/29 [gnoll (6)]
  3003 | D:3      | Mangled by a gnoll

Vanquished Creatures
  2 gnolls (D:3)
  3 adders
  A dart slug (D:1)
  3 orcs (D:3)
  3 bats
  6 endoplasms
  2 giant cockroaches
  5 goblins
  7 hobgoblins
  10 jackals
  5 kobolds
  2 quokkas
  4 ball pythons
  4 frilled lizards
  4 rats
61 creatures vanquished.
